 Dungeon Crawl Stone Soup version 0.30.1-9-gdf580d7c3d (webtiles) character file.

Game seed: 17707539326625269208

574 Psyclone the Thaumaturge (level 7, -1/36 HPs)
             Began as a Deep Elf Conjurer on Sept 26, 2023.
             Was an Initiate of Ashenzari.
             Slain by a centaur (2 damage)
             ... on level 4 of the Dungeon.
             The game lasted 00:16:33 (3001 turns).

Psyclone the Thaumaturge (Deep Elf Conjurer)        Turns: 3001, Time: 00:16:33

Health: -1/36      AC:  2    Str:  3    XL:     7   Next: 12%
Magic:  21/25      EV: 13    Int: 24    God:    Ashenzari [......]
Gold:   69         SH:  0    Dex: 17    Spells: 19/32 levels left

rFire   . . .        (no weapon)
rCold   . . .        (no shield)
rNeg    . . .        a - +0 robe
rPois   .            (no helmet)
rElec   .            (no cloak)
rCorr   .            (no gloves)
SInv    .            (no boots)
Will    .....        k - amulet of magic regeneration
Stlth   ++           (no ring)
HPRegen 0.26/turn    (no ring)
MPRegen 0.59/turn

%: no passive effects
@: no status effects
A: agile 1, wild magic 1
a: Renounce Religion


You were on level 4 of the Dungeon.
You worshipped Ashenzari.
Ashenzari was noncommittal.
You visited 2 branches of the dungeon, and saw 5 of its levels.

You collected 90 gold pieces.
You spent 21 gold pieces at shops.

Inventory:

Missiles
 c - 4 throwing nets {!f}
Armour
 a - a +0 robe (worn)
Jewellery
 k - an amulet of magic regeneration (around neck)
Wands
 r - a wand of flame (20)
Scrolls
 g - a scroll of magic mapping
 h - a scroll of torment
 m - a scroll of enchant weapon
 o - a scroll of poison
Potions
 b - a potion of magic
 e - 2 potions of heal wounds {unknown}
 f - a potion of flight {unknown}
 i - a potion of attraction
 j - a potion of might


   Skills:
 - Level 2.4 Dodging
 - Level 2.4 Stealth
 + Level 13.1 Spellcasting
 + Level 11.7 Conjurations


You had 19 spell levels left.
You knew the following spells:

 Your Spells              Type           Power      Damage    Failure   Level
a - Magic Dart            Conj           100%       1d8       1%          1
b - Searing Ray           Conj           100%       2d8       1%          2
d - Fulminant Prism       Conj/Hex       27%        3d14      6%          4
v - Poisonous Vapours     Pois/Air       40%        N/A       10%         2
x - Olgreb's Toxic Radia  Pois           20%        N/A       45%         4

Your spell library contained the following spells:

 Spells                   Type           Power      Damage    Failure   Level
 Dazzling Flash           Conj/Hex       100%       N/A       2%          3
 Sting                    Tmut/Pois      80%        1d7       6%          1
 Iskenderun's Mystic Bla  Conj/Tloc      54%        2d12      6%          4


Dungeon Overview and Level Annotations

Branches:
Dungeon (4/15) Zot: 21104  Temple (1/1) D:4 Zot: 5892

Altars:
Ashenzari
Cheibriados
Dithmenos
Elyvilon
Fedhas
Kikubaaqudgha
Makhleb
Okawaru
Qazlal
Ru
Sif Muna
Uskayaw
Xom
Yredelemnul

Shops:
D:2 !   D:3 **(   D:4 ?

Annotations:
D:3 3 runed translucent doors, Psyclone's ghost, amateur DECj


Innate Abilities, Weirdness & Mutations

You are agile. (Dex +4, Str/Int -1)
Your spells are a little harder to cast, but a little more powerful.


Message History

You kill the quokka!
The centaur shoots an arrow.
The arrow hits you!
You take 9 damage, and have 17/36 hp.
MASSIVE DAMAGE!!
You now have 23/25 mp.
Casting: Searing Ray (safe; 1% risk of failure)
Confirm with . or Enter, or press ? or * to list all spells.
Restarting spell: Searing Ray (safe; 1% risk of failure)
Press: ? - help, Shift-Dir - straight line, f - orc
Aim: an orc, wielding a +0 flail (83% to hit)
The searing ray hits the orc!
You kill the orc! (Press . to maintain the ray.)
The centaur shoots an arrow.
The arrow closely misses you.
The centaur shoots an arrow.
The arrow hits you!
* * * LOW HITPOINT WARNING * * *
You take 9 damage, and have 8/36 hp.
MASSIVE DAMAGE!!
You now have 22/25 mp.
You start resting.
The centaur unwields a +0 shortbow.
The centaur barely misses you. The centaur misses you.
Casting: Searing Ray (safe; 1% risk of failure)
Confirm with . or Enter, or press ? or * to list all spells.
Aiming: Searing Ray (safe; 1% risk of failure)
Press: ? - help, Shift-Dir - straight line, f - centaur
Aim: a centaur (90% to hit)
The searing ray hits the centaur!
The centaur is heavily wounded. (Press . to maintain the ray.)
The centaur hits you.
* * * LOW HITPOINT WARNING * * *
The centaur barely misses you.
You take 3 damage, and have 6/36 hp.
You now have 22/25 mp.
The searing ray hits the centaur.
The centaur is heavily wounded.
The centaur hits you but does no damage.
The centaur misses you.
You now have 21/25 mp.
The searing ray hits the centaur.
The centaur is severely wounded.
The centaur hits you.
* * * LOW HITPOINT WARNING * * *
The centaur kicks you.
You die...

.......#.......##
.......#..#.....##
#........##......########
..##..#.................# ###
.####.....####.....####.# #.#
...##.....#/.##...## #.####.###
...<....#.#...##.## #.##.....#
....##..#.##..c#.# ##.)#..>## #
#...##.....##)'#@#+ ##..#.....##.
#...#..##...###c..###.....#....#.
#..##..#........8..........#.....
...#........###...###....##......
...<.......## +#.#+ ##..<####....
..........## #.# ##...#.##...
..........# ##.## #........##
..........# ##...## #..........
....#.....####.....####..........


You could see a centaur.

Vanquished Creatures
  2 hounds (D:3)
  A sleepcap (D:4)
  Jessica (D:2)
  Ijyb (D:3)
  Natasha (thrice) (D:3)
  2 adders
  2 gnolls
  2 worms
  3 dart slugs
  2 orcs
  A ball python (D:1)
  2 bats (D:1)
  2 endoplasms (D:4)
  3 giant cockroaches
  5 goblins
  6 hobgoblins
  7 jackals
  7 kobolds
  A quokka (D:4)
  2 frilled lizards
  9 rats
64 creatures vanquished.

Notes
Turn   | Place    | Note
-------+----------+-------------------------------------------
     0 | D:1      | Psyclone the Deep Elf Conjurer began the quest for the Orb.
     0 | D:1      | Reached XP level 1. HP: 10/10 MP: 6/6
     2 | D:1      | Noticed a merfolk
     2 | D:1      | Noticed a troll
     4 | D:1      | Noticed a felid
     4 | D:1      | Noticed a naga
     6 | D:1      | Noticed a demonspawn
     6 | D:1      | Noticed a demigod
     8 | D:1      | Noticed an ogre
     8 | D:1      | Noticed an octopode
    10 | D:1      | Noticed a gargoyle
    10 | D:1      | Noticed a human
    12 | D:1      | Noticed a spriggan
    12 | D:1      | Noticed an elf
    14 | D:1      | Noticed a meteoran
    16 | D:1      | Noticed a minotaur
    19 | D:1      | Noticed a tengu
    19 | D:1      | Noticed an armataur
    21 | D:1      | Noticed a vampire
    21 | D:1      | Noticed a ghoul
    23 | D:1      | Noticed a vine stalker
    23 | D:1      | Noticed a draconian
    25 | D:1      | Noticed a formicid
    27 | D:1      | Noticed a demonspawn
    59 | D:1      | Found a faded altar of an unknown god.
   211 | D:1      | Reached XP level 2. HP: 15/15 MP: 2/8
   326 | D:1      | Learned a level 2 spell: Searing Ray
   584 | D:1      | Reached skill level 4 in Spellcasting
   585 | D:1      | Reached skill level 5 in Conjurations
   585 | D:1      | Reached XP level 3. HP: 19/19 MP: 4/10
  1151 | D:2      | Noticed Jessica
  1155 | D:2      | Killed Jessica
  1166 | D:2      | Reached XP level 4. HP: 23/24 MP: 9/12
  1200 | D:2      | Found Ykhimub's Distillery.
  1273 | D:2      | Learned a level 4 spell: Fulminant Prism
  1423 | D:3      | Found Baroxa's General Store.
  1467 | D:3      | Reached skill level 5 in Spellcasting
  1501 | D:3      | Found Gopegylu's Weapon Boutique.
  1618 | D:3      | Found a runed translucent gate.
  1618 | D:3      | Found a runed translucent gate.
  1618 | D:3      | Found a runed translucent gate.
  1644 | D:3      | Noticed Psyclone's ghost (amateur DECj)
  1847 | D:3      | Found Liuxzau's Assorted Antiques.
  1851 | D:3      | Noticed Natasha
  1853 | D:3      | Killed Natasha
  1928 | D:3      | Reached XP level 5. HP: 19/28 MP: 12/15
  2086 | D:3      | Noticed Ijyb
  2104 | D:3      | Killed Ijyb
  2105 | D:3      | Reached skill level 6 in Spellcasting
  2284 | D:3      | Noticed Natasha
  2288 | D:3      | Killed Natasha
  2369 | D:3      | Noticed Natasha
  2373 | D:3      | Killed Natasha
  2374 | D:3      | Reached XP level 6. HP: 24/32 MP: 13/17
  2573 | D:3      | Bought a scroll labelled WEONAE JA VESH for 21 gold pieces
  2574 | D:3      | Gained mutation: You are agile. (Dex +4, Str/Int -1)
                  | [potion of mutation]
  2574 | D:3      | Gained mutation: Your mind is acute. (Int +4, Str/Dex -1)
                  | [potion of mutation]
  2574 | D:3      | Lost mutation: Your mind is acute. (Int +4, Str/Dex -1)
                  | [potion of mutation]
  2574 | D:3      | Gained mutation: Your spells are a little harder to cast,
                  | but a little more powerful. [potion of mutation]
  2577 | D:3      | Reached skill level 13 in Spellcasting
  2577 | D:3      | Reached XP level 7. HP: 36/36 MP: 17/25
  2610 | D:4      | Found Zanuol's Magic Scroll Shoppe.
  2734 | D:4      | Found a staircase to the Ecumenical Temple.
  2747 | Temple   | Entered the Ecumenical Temple
  2838 | Temple   | Became a worshipper of Ashenzari the Shackled
  2868 | D:4      | Learned a level 2 spell: Poisonous Vapours
  2873 | D:4      | Learned a level 4 spell: Olgreb's Toxic Radiance
  2879 | D:4      | Identified the amulet "Misch" {Spirit rC+ Will+ Str+3 SInv}
  3001 | D:4      | HP: 1/36 [centaur (6)]
  3001 | D:4      | Slain by a centaur

Illustrated notes

Levels and vault maps discovered:
D:1:      kb_arrival_jail, layout_basic, dreamdust_ecumenical_altar_statues,
          chequers_serial_rivers_room_b, chequers_serial_rivers_large_a,
          nicolae_grassy_gnolls
D:2:      layout_rooms, serial_shops, shop, uniq_jessica
D:3:      layout_loops_ring, serial_shops, nicolae_shop_overgrown_old_shop,
          shop, shop, gammafunk_ghost_icy, cheibrodos_gnoll_hut, uniq_ijyb,
          uniq_natasha
D:4:      cheibrodos_barr_body, layout_cave_pools, mainiacjoe_overflow_paths,
          minmay_temple_entry_drinking_statues, serial_shops,
          nicolae_shop_statue_plus
Temple:   jpeg_temple_clearing

Skill      XL: |  1  2  3  4  5  6 |
---------------+-------------------+-----
Spellcasting   | 4 5 6 13 | 13.1
Conjurations   | 5 6 11 | 11.7
Dodging        | |  2.4
Stealth        | |  2.4

Action                     |  1- 3 |  4- 6 |  7- 9 || total
---------------------------+-------+-------+-------++-------
  Melee: Unarmed           |       |     5 |       ||     5
   Cast: Magic Dart        |    47 |    32 |    10 ||    89
         Searing Ray       |     1 |    10 |     9 ||    20
    Use: Scroll            |       |     7 |     2 ||     9
         Potion            |       |     4 |     2 ||     6
 Armour: Robe              |     1 |       |     1 ||     2
  Dodge: Dodged            |     3 |     8 |     7 ||    18
